Map: Overgrowth LE (Void)

Players

Emil - Winner!

  • Race: Zerg Zerg
  • League: Diamond
  • Spawn Location: 1:00

FNCdennis

  • Race: Protoss Protoss
  • League: Diamond
  • Spawn Location: 7:00

VOD

Have the link to the VOD?

Description

Time

  • Played on: Nov. 28, 2016, 10:21 a.m.
  • Length: 12:04
Show
View Real Time Build Order
Export as new Build Order

Emil Zerg - Winner!

Build Orders: Pool First 

Get SALT Encoding   

  12  0:03  Drone  
  13  0:22  Spawning Pool  
  12  0:43  Overlord  
  12  0:44  Drone  
  12  0:45  Drone  
  14  1:10  Zergling x4  
  16  1:16  Zergling x2  
  17  1:27  Zergling x2  
  17  1:28  Hatchery  
  17  1:32  Extractor  
  16  1:38  Queen  
  16  1:39  Drone  
  19  1:52  Drone  
  20  2:07  Drone  
  21  2:13  Drone  
  22  2:28  Overlord  
  22  2:40  Overlord, Drone  
  22  2:42  Queen  
  24  2:50  Queen  
  25  2:52  Metabolic Boost  
  25  2:54  Drone x2  
  27  3:05  Drone x3  
  30  3:15  Overlord  
  30  3:16  Drone  
  30  3:18  Drone  
  32  3:20  Drone  
  33  3:33  Evolution Chamber, Drone  
  33  3:34  Drone x2  
  35  3:40  Zergling x4  
  37  3:48  Zergling x6  
  38  3:50  Zergling x2  
  41  4:02  Drone  
  42  4:03  Drone  
  42  4:09  Drone x2  
  45  4:14  Spore Crawler  
  45  4:15  Drone x3  
  47  4:25  Queen  
  47  4:26  Queen  
  50  4:42  Zergling x4  
  50  4:44  Overlord x2  
  51  5:01  Drone  
  51  5:02  Drone x3  
  51  5:05  Overlord x2  
  55  5:09  Roach Warren  
  55  5:10  Spine Crawler  
  55  5:12  Spore Crawler  
  48  5:38  Zerg Melee Weapons Level 1  
  48  5:39  Drone  
  48  5:40  Drone x5  
  54  5:54  Roach x4  
  54  5:57  Hatchery  
  61  6:01  Extractor  
  61  6:02  Lair  
  61  6:03  Extractor  
  59  6:04  Extractor  
  59  6:06  Roach  
  59  6:07  Roach  
  62  6:17  Roach  
  62  6:18  Roach x3  
  70  6:26  Roach  
  70  6:27  Roach x2  
  74  6:33  Roach  
  74  6:34  Overlord  
  74  7:01  Drone  
  74  7:02  Drone x6  
  81  7:10  Drone  
  81  7:11  Drone  
  83  7:18  Drone  
  83  7:19  Drone x3  
  87  7:31  Zergling x6  
  87  7:32  Hydralisk Den  
  87  7:33  Zerg Missile Weapons Level 1  
  89  7:37  Drone  
  89  7:39  Overlord x2  
  89  7:40  Extractor  
  89  7:41  Spine Crawler, Extractor  
  89  7:42  Spore Crawler  
  86  7:46  Spore Crawler  
  86  7:48  Pneumatized Carapace  
  85  7:55  Baneling Nest, Overlord  
  85  7:56  Overlord x2  
  85  7:57  Drone x6  
  84  8:32  Zergling x4  
  84  8:33  Zergling x22, Overlord  
  97  8:35  Grooved Spines  
  97  8:42  Spine Crawler  
  97  8:46  Drone  
  97  8:47  Drone x8  
  105  8:50  Baneling x3  
  105  8:57  Hydralisk x2  
  109  9:07  Hatchery  
  108  9:10  Drone x6  
  108  9:14  Hatchery  
  110  9:29  Centrifical Hooks  
  110  9:32  Drone  
  110  9:33  Drone x7  
  118  9:47  Muscular Augments  
  118  9:59  Hydralisk  
  118  10:00  Hydralisk x4  
  118  10:02  Overlord x5  
  128  10:18  Hydralisk x2  
  128  10:19  Hydralisk  
  134  10:28  Hydralisk x5  
  133  10:29  Hydralisk x4  
  151  10:36  Baneling x3  
  144  11:08  Hydralisk x14  
  171  11:13  Evolution Chamber  
  171  11:15  Spine Crawler  
  171  11:17  Spore Crawler  
  168  11:27  Zergling x14  
  168  11:28  Zergling x8  
  179  11:34  Baneling x6  
Show
View Real Time Build Order
Export as new Build Order

FNCdennis Protoss 

Build Orders: Zealot Archon 

Get SALT Encoding   

  12  0:01  Probe (Chrono Boost)  
  13  0:11  Probe (Chrono Boost)  
  14  0:19  Pylon  
  14  0:22  Probe (Chrono Boost)  
  14  0:28  Assimilator  
  15  0:37  Probe (Chrono Boost)  
  16  0:45  Gateway  
  16  0:48  Probe (Chrono Boost)  
  17  0:59  Probe (Chrono Boost)  
  17  1:03  Gateway  
  18  1:09  Probe (Chrono Boost)  
  19  1:20  Probe (Chrono Boost)  
  20  1:30  Probe (Chrono Boost)  
  21  1:33  Cybernetics Core  
  21  1:41  Probe (Chrono Boost)  
  22  1:52  Nexus  
  22  1:59  Pylon  
  22  2:15  Pylon  
  22  2:16  Warp Gate  
  22  2:17  Adept  
  22  2:20  Mothership Core (Chrono Boost)  
  22  2:22  Adept  
  28  2:30  Assimilator  
  28  2:56  Robotics Facility  
  28  2:58  Gateway  
  28  3:07  Nexus  
  28  3:09  Pylon  
  28  3:24  Pylon  
  29  3:27  Probe (Chrono Boost)  
  29  3:29  Adept  
  31  3:39  Warp Prism  
  31  3:42  Adept  
  31  3:43  Probe (Chrono Boost)  
  36  3:55  Probe (Chrono Boost)  
  37  4:00  Twilight Council  
  37  4:05  Probe (Chrono Boost)  
  38  4:12  Pylon  
  38  4:16  Probe (Chrono Boost)  
  39  4:23  Zealot  
  41  4:26  Probe (Chrono Boost)  
  41  4:27  Probe (Chrono Boost)  
  43  4:37  Probe (Chrono Boost)  
  43  4:38  Probe (Chrono Boost)  
  45  4:40  Zealot  
  45  4:41  Zealot  
  47  4:48  Zealot  
  47  4:55  Probe (Chrono Boost)  
  48  5:16  Probe (Chrono Boost)  
  48  5:17  Templar Archives  
  49  5:25  Stalker  
  49  5:26  Stalker  
  50  5:32  Probe (Chrono Boost)  
  50  5:35  Stalker  
  52  5:36  Probe (Chrono Boost)  
  53  5:44  Probe (Chrono Boost)  
  53  5:47  Probe (Chrono Boost)  
  55  5:51  Gateway  
  55  5:56  Pylon  
  55  5:58  Probe (Chrono Boost)  
  55  5:59  Probe (Chrono Boost)  
  57  6:11  High Templar x2  
  61  6:15  Archon  
  60  6:20  Zealot  
  60  6:22  Probe x2 (Chrono Boost)  
  63  6:39  Immortal  
  66  7:02  Stalker x2  
  70  7:17  Nexus  
  70  7:19  Pylon  
  70  7:20  Pylon  
  70  7:32  Immortal  
  76  7:37  Probe (Chrono Boost)  
  76  7:38  Probe (Chrono Boost)  
  76  7:39  High Templar x2  
  76  7:40  Zealot x2  
  84  7:45  Archon  
  84  7:47  Probe (Chrono Boost)  
  84  7:50  Probe (Chrono Boost)  
  86  7:54  Pylon  
  86  7:56  Pylon  
  86  7:59  Assimilator  
  86  8:03  Assimilator  
  86  8:12  Probe (Chrono Boost)  
  88  8:14  Probe (Chrono Boost)  
  88  8:20  Immortal  
  84  8:28  Zealot x4  
  84  8:29  Probe (Chrono Boost)  
  84  8:30  Probe x2 (Chrono Boost)  
  95  8:40  Robotics Bay  
  96  8:41  Probe (Chrono Boost)  
  96  8:42  Probe (Chrono Boost)  
  97  9:05  Immortal  
  102  9:17  Zealot x4  
  102  9:18  Probe x2 (Chrono Boost)  
  111  9:27  Probe (Chrono Boost)  
  111  9:29  Probe (Chrono Boost)  
  111  9:31  Probe (Chrono Boost)  
  114  9:36  Forge  
  114  9:39  Forge  
  114  9:43  High Templar  
  114  9:44  Psionic Storm  
  117  9:47  Probe (Chrono Boost)  
  117  9:50  Pylon  
  117  9:51  Pylon  
  117  10:02  Assimilator  
  117  10:04  Assimilator  
  117  10:07  Colossus  
  117  10:09  Probe (Chrono Boost)  
  117  10:10  Protoss Ground Weapons Level 1  
  124  10:16  Probe (Chrono Boost)  
  121  10:21  Zealot  
  121  10:22  Zealot  
  124  10:29  Probe (Chrono Boost)  
  124  10:30  Probe (Chrono Boost)  
  124  10:31  Probe (Chrono Boost)  
  127  10:37  High Templar x2  
  131  10:51  High Templar  
  132  10:59  Probe (Chrono Boost)  
  132  11:01  Probe (Chrono Boost)  
  128  11:08  Zealot  
  130  11:17  Pylon  
  130  11:19  High Templar  
  130  11:22  Probe (Chrono Boost)  
  130  11:24  Pylon  
  130  11:25  Pylon  
  133  11:26  Gateway  
  133  11:27  Gateway  
  133  11:35  Probe (Chrono Boost)  
  140  11:49  Archon  
  140  11:50  Archon  
  140  11:53  Zealot  
  140  11:54  Zealot x3  
Tags
 
Composition
Zealot Archon
Matchup
PvZ
Opening
Pool First
Replay Pack
EmSC2Tv
Spawn Locations
Cross Positions
Add a new tag
Caveats
  • Supply blocks, unpowered buildings, or Contaminate may cause inaccurate times.
  • Supply counts are checked every 10 seconds.